 Dungeon Crawl Stone Soup version 0.32-a0-607-g64ea0e4219 (webtiles) character file.

Game seed: 4180745707330768687

178 timneilson the Ruffian (level 5, 0/34 (35) HPs)
             Began as an Octopode Shapeshifter on Mar 3, 2024.
             Slain by a ball python (1 damage)
             ... on level 3 of the Dungeon.
             The game lasted 00:04:00 (2128 turns).

timneilson the Ruffian (Octopode Shapeshifter)      Turns: 2128, Time: 00:04:01

HP:   0/34 (35)     AC:  1    Str: 21    XL:     5   Next: 58%
MP:   5/5           EV:  4    Int: 13    God:
Gold: 1045          SH:  0    Dex: 13    Spells: 4/4 levels left

rFire   . .          .
                       - Unarmed
rCold   + . .        (no shield)
rNeg    . . .        (helmet currently unavailable)
rPois   .            (no amulet)
rElec   .            m - ring "Waitz" {rC+ Str+6 Dex+2}
rCorr   .            (no ring)
SInv    .            (no ring)
Will    .....        (no ring)
Stlth   +++          (no ring)
HPRegen 0.25/turn    (no ring)
MPRegen 0.09/turn    (no ring)
                     (no ring)

%: no passive effects
@: beast-form, constricted, lightly drained
A: beast (slay +2), almost no armour, amphibious, 8 rings, camouflage 1,
gelatinous body 1, (nimble swimmer 1), tentacles
a: Begin Untransformation


You were on level 3 of the Dungeon.
You were a hulking beast.
You visited 1 branch of the dungeon, and saw 3 of its levels.

You collected 1045 gold pieces.

Inventory:

Jewellery
 i - a ring of ice
 m - the ring "Waitz" (left tentacle) {rC+ Str+6 Dex+2}
   (You found it on level 3 of the Dungeon)

   [ring of strength]

   Str+6:     It affects your strength (+6).
   Dex+2:     It affects your dexterity (+2).
   rC+:       It protects you from cold.
Talismans
 b - a beast talisman (active)
 c - a flux talisman
Scrolls
 g - a scroll of amnesia
 h - a scroll of torment {unknown}
 k - a scroll of identify {unknown}
 o - a scroll of revelation {unknown}
Potions
 a - a potion of enlightenment {unknown}
 d - 2 potions of heal wounds {unknown}
 e - 3 potions of curing {unknown}
 f - a potion of magic {unknown}
 j - a potion of degeneration {unknown}
 l - a potion of mutation {unknown}
 n - a potion of might {unknown}


   Skills:
 * Level 2.5 Fighting
 * Level 3.1 Dodging
 + Level 2.1 Stealth
 * Level 3.8 Unarmed Combat
 * Level 3.7 Shapeshifting


You had 4 spell levels left.
You didn't know any spells.
Your spell library was empty.

Dungeon Overview and Level Annotations

Branches:
Dungeon (3/15)

Altars:
Cheibriados

Shops:
D:3 [


Innate Abilities, Weirdness & Mutations

You are a hulking beast.
Your limbs bulge with bestial killing power. (Slay +2)
You cannot wear most types of armour.
You are amphibious.
You can wear up to eight rings at the same time.
Your skin changes colour to match your surroundings (Stealth+).
Your rubbery body absorbs attacks. (AC +1, EV +1)
((You are camouflaged when in or above water. (Stealth+)))
You have tentacles for arms and can constrict up to eight enemies at once.


Message History

The centaur is lightly wounded.
The centaur hits you. The centaur kicks you.
You tentacle-slap the centaur.
The centaur is lightly wounded.
The centaur misses you. The centaur barely misses you.
The ball python misses you. The ball python closely misses you.
You closely miss the centaur.
The centaur is lightly wounded.
The centaur closely misses you. The centaur kicks you.
The centaur barely misses you. x2
You closely miss the centaur.
The centaur is lightly wounded.
The centaur misses you. The centaur closely misses you.
You bludgeon the centaur!
The centaur is heavily wounded.
The centaur barely misses you. The centaur kicks you.
The ribbon worm expels a string of sticky webbing.
The stream of webbing misses you.
You tentacle-slap the centaur. x2; Your squeeze misses the centaur.
The centaur is heavily wounded.
The centaur closely misses you.
The centaur kicks you but does no damage.
The ball python misses you. The ball python grabs you.
The ball python constricts you. The centaur hits you.
The centaur kicks you but does no damage.
You tentacle-slap the centaur.
You tentacle-slap the centaur, but do no damage.
The centaur is severely wounded.
The centaur hits you. The centaur kicks you. The ball python bites you.
The ball python constricts you. The ribbon worm bites you!
* * * LOW HITPOINT WARNING * * *
You tentacle-slap the centaur but do no damage.
You squeeze the centaur, but do no damage.
The centaur is severely wounded.
The centaur hits you.
* * * LOW HITPOINT WARNING * * *
The centaur kicks you.
* * * LOW HITPOINT WARNING * * *
The ball python bites you.
You die...

#.# #...## #.......# #.###....##
######.......#
#..##.....#####............#
##.##........#######.......#
#.##........# #.......#
#.##........#######.......#
#..#................#######
##.........wcS......#
#####..####h.......#
##.............#
##............###
#..............# #####
##.......###...# #...#
#...###..##...#
#...#######...####.##...#
###.........>.........#...#
....#.##############......######


You could see a centaur, a ribbon worm and a ball python.

Vanquished Creatures
  An ogre (D:2)
  3 adders (D:2)
  A dart slug (D:2)
  A ribbon worm (D:2)
  An orc (D:2)
  7 endoplasms
  4 giant cockroaches
  4 hobgoblins
  6 quokkas
  7 ball pythons
  A bat (D:3)
  3 frilled lizards
  6 goblins
  7 kobolds
  5 rats
57 creatures vanquished.

Notes
Turn   | Place    | Note
-------+----------+-------------------------------------------
     0 | D:1      | timneilson the Octopode Shapeshifter began the quest for
                  | the Orb.
     0 | D:1      | Reached XP level 1. HP: 13/13 MP: 1/1
    57 | D:1      | Reached XP level 2. HP: 14/18 MP: 2/2
   748 | D:1      | Reached XP level 3. HP: 24/24 MP: 3/3
   952 | D:2      | Found a snail-covered altar of Cheibriados.
  1039 | D:2      | Noticed an ogre
  1046 | D:2      | Killed an ogre
  1047 | D:2      | Reached skill level 1 in Stealth
  1047 | D:2      | Reached XP level 4. HP: 14/30 MP: 4/4
  1047 | D:2      | Reached XP level 5. HP: 16/35 MP: 5/5
  1778 | D:2      | Identified a scroll of acquirement
  1778 | D:2      | Acquired 899 gold pieces
  1919 | D:3      | Noticed a centaur
  1958 | D:3      | Found Teazuxeq's Antique Armour Emporium.
  2011 | D:3      | Identified the ring "Waitz" {rC+ Str+6 Dex+2}
  2128 | D:3      | HP: 1/34 [centaur (2)]
  2128 | D:3      | Slain by a ball python

Illustrated notes

Levels and vault maps discovered:
D:1:      heliophobic_arrival_henge, layout_basic
D:2:      layout_loops_ring, basic_altar, hangedman_decor_growths,
          minmay_distorted
D:3:      layout_basic, lemuel_round_altar, serial_shops, shop,
          nrook_mini_vaults

Skill      XL: |  1  2  3  4  5 |
---------------+----------------+-----
Fighting       | 2 |  2.5
Stealth        | 1 2 |  2.1
Dodging        | 3 |  3.1
Unarmed Combat | |  3.8
Shapeshifting  | |  3.7

Action                     |  1- 3 |  4- 6 || total
---------------------------+-------+-------++-------
  Melee: Unarmed           |    51 |    51 ||   102
         Constrict         |    13 |     7 ||    20
         Tentacles         |    10 |     6 ||    16
         Punch             |     2 |     3 ||     5
    Use: Potion            |     1 |       ||     1
         Scroll            |       |     4 ||     4
   Stab: Sleeping          |     7 |    10 ||    17
 Armour: Skin              |    34 |    33 ||    67
  Dodge: Dodged            |    26 |    33 ||    59

Table legend: (Time is in decaauts)
 A = Elapsed time spent in this place.
 B = Non-inter-level travel time spent in this place.
 C = Inter-level travel time spent in this place.
 D = Time resting spent in this place.
 E = Time spent auto-exploring this place.
 F = Levels seen in this place.
 G = Mean time per level.
                   A        B        C        D        E       F      G
               +--------+--------+--------+--------+--------+-----+--------+
         Total |   2120 |   2084 |     36 |     91 |   1483 |   3 |  706.7 |
       Dungeon |   2120 |   2084 |     36 |     91 |   1483 |   3 |  706.7 |
               +--------+--------+--------+--------+--------+-----+--------+

Top non-repeatable levels by time:
     D:1: 937 daAuts
     D:2: 872 daAuts
     D:3: 310 daAuts
